 Dungeon Crawl Stone Soup version 0.20-a0-345-gbfb25ec (webtiles) character file.

466 terra52 the Chiller (level 7, 32/32 HPs)
             Began as a Vine Stalker Ice Elementalist on Dec 22, 2016.
             Quit the game on level 3 of the Dungeon.
             The game lasted 00:37:38 (3102 turns).

terra52 the Chiller (Vine Stalker Ice Elementalist) Turns: 3102, Time: 00:37:38

Health: 32/32      AC:  8    Str: 10    XL:     7   Next: 8%
Magic:  3/15       EV: 12    Int: 17    God:
Gold:   147        SH:  0    Dex: 15    Spells: 9/15 levels left

rFire  . . .     SeeInvis .       - Unarmed
rCold  . . .     Gourm    +     d - +3 leather armour
rNeg   . . .     Faith    .     (no shield)
rPois  .         Spirit   +     p - +0 helmet
rElec  .         Reflect  .     (no cloak)
rCorr  .         Harm     .     (no gloves)
MR     .....                    i - +0 pair of boots
Stlth  ++........               m - amulet of the gourmand
                                (no ring)
                                (no ring)

@: no status effects
A: fangs 2, regeneration 1, magic shield, antimagic bite, no device heal 3, rot
immunity
a: no special abilities


You were on level 3 of the Dungeon.
You were very full.

You visited 1 branch of the dungeon, and saw 3 of its levels.

You collected 147 gold pieces.

Inventory:

Hand Weapons
 x - a +1 spear of piercing
 y - a +0 flail of protection
Armour
 a - a +0 robe
 d - a +3 leather armour (worn)
 i - a +0 pair of boots (worn)
 p - a +0 helmet (worn)
Jewellery
 l - a -2 ring of protection
 m - an amulet of the gourmand (around neck)
Wands
 v - a wand of digging (13/24)
Scrolls
 e - 2 scrolls of remove curse
 k - 2 scrolls of identify {unknown}
 n - a scroll of enchant armour {unknown}
 s - 2 scrolls of teleportation
 u - a scroll of enchant weapon {unknown}
 w - a scroll of immolation {unknown}
Potions
 f - a potion of flight {unknown}
 h - 2 potions of magic {unknown}
 j - a potion of mutation {unknown}
 r - a potion of cure mutation {unknown}
 t - a potion of brilliance {unknown}
Books
 b - a book of Frost

   Spells                             Type                      Level
   a - Freeze                         Ice                          1
   b - Throw Frost                    Conjuration/Ice              2
   c - Ozocubu's Armour               Charms/Ice                   3
   d - Throw Icicle                   Conjuration/Ice              4
   e - Summon Ice Beast               Ice/Summoning                4
Comestibles
 c - a bread ration
 g - 2 meat rations
 o - 2 fruits
 q - 2 beef jerkies


   Skills:
 + Level 0.3 Fighting
 + Level 1.1 Armour
 + Level 2.1 Dodging
 + Level 2.5 Stealth
 + Level 1.7 Unarmed Combat
 + Level 4.9 Spellcasting
 + Level 1.3 Conjurations
 + Level 5.2 Ice Magic


You had 9 spell levels left.
You knew the following spells:

 Your Spells              Type           Power        Failure   Level  Hunger
a - Freeze                Ice            ###.         2%          1    None
b - Throw Frost           Conj/Ice       ###...       12%         2    #......
c - Ozocubu's Armour      Chrm/Ice       ##......     24%         3    ###....


Dungeon Overview and Level Annotations

Branches:
Dungeon (3/15)

Altars:

Annotations:
D:3 Jessica


Innate Abilities, Weirdness & Mutations

You have extremely sharp teeth.
Your natural rate of healing is unusually fast.
When hurt, damage is shared between your health and your magic reserves.
Your bite disrupts and absorbs the magic of your enemies.
Potions cannot restore your health.
You are immune to rotting.


Message History

Confirm with . or Enter, or press ? or * to list all spells.
Aiming: Throw Frost
Press: ? - help, Shift-Dir - straight line, f - gnoll
Aim: a gnoll, wielding a spear (resting)
The puff of frost hits the gnoll.
The gnoll is moderately wounded.
The gnoll shouts!
You hear a shout! x2
A gnoll comes into view. It is wielding a spear.
The gnoll moves out of view.
Wield which item (- for none, * to show all)? (? for menu, Esc to quit)
Okay, then.
Okay, then.
Save game and exit? [Y]es or [N]o only, please.
Save game and exit?
Level annotation: Jessica Welcome back, terra52 the Vine Stalker Ice Elementalist.
Press ? for a list of commands and other information.
Okay, then.
Are you sure you want to abandon this character and quit the game? (Confirm with "yes".)

#....≈≈#...#+##############
#....≈≈###'# .'.
#....≈≈≈.#.# ..#
#....≈≈≈.#.# ...#
#....≈≈≈.#.###'##
#....≈≈≈.#......#
#.P..≈≈≈.#.g....#
#....≈≈≈.#.################
#....≈≈≈.#@#...........#...
#....≈≈≈.#.'...........'...
#....≈≈###'#...........#)..
#...P≈≈#...#############'''
#....≈≈#...#..............÷
#....≈≈#####≈≈≈≈≈≈≈≈≈≈≈≈...
#....≈≈≈≈≈≈≈≈≈≈≈≈≈≈≈≈≈≈≈...
#P...≈≈≈≈≈≈≈≈≈≈≈≈≈≈≈≈≈≈≈...
#....................).....


You could see a gnoll.

Vanquished Creatures
  A gnoll shaman (D:3)
  An orc priest (D:3)
  Terence (D:2)
  4 adders
  24 gnolls (D:3)
  2 oozes
  4 worms
  2 dart slugs
  2 leopard geckos
  6 orcs (D:3)
  5 giant cockroaches
  5 goblins
  9 hobgoblins
  14 jackals (D:3)
  6 kobolds
  A quokka (D:2)
  6 bats
  A frilled lizard (D:2)
  5 rats
99 creatures vanquished.

Notes
Turn   | Place    | Note
-------+----------+-------------------------------------------
     0 | D:1      | terra52 the Vine Stalker Ice Elementalist began the quest for the Orb.
     0 | D:1      | Reached XP level 1. HP: 9/9 MP: 4/4
   190 | D:1      | Reached XP level 2. HP: 13/13 MP: 0/6
   911 | D:2      | Reached XP level 3. HP: 16/16 MP: 5/8
   913 | D:2      | Noticed Terence
   965 | D:2      | Killed Terence
  1024 | D:2      | Learned a level 2 spell: Throw Frost
  1028 | D:2      | Learned a level 3 spell: Ozocubu's Armour
  1121 | D:2      | Gained mutation: Your natural rate of healing is unusually fast. [Vine Stalker growth]
  1121 | D:2      | Reached XP level 4. HP: 12/21 MP: 0/9
  1619 | D:1      | You fall through a shaft!
  1755 | D:3      | Reached skill level 4 in Ice Magic
  1883 | D:3      | Reached XP level 5. HP: 19/24 MP: 2/11
  1980 | D:3      | Noticed Jessica
  2153 | D:3      | Reached skill level 1 in Unarmed Combat
  2472 | D:3      | Reached XP level 6. HP: 22/28 MP: 7/13
  2787 | D:3      | Reached skill level 5 in Ice Magic
  2841 | D:3      | Reached skill level 1 in Armour
  2980 | D:3      | Reached XP level 7. HP: 32/32 MP: 0/15
  3102 | D:3      | Quit the game

Vault maps used:
D:1:      erik_arrival_triangle_huge
D:2:      uniq_terence
D:3:      lemuel_castle_with_subvaults, uniq_jessica

Skill      XL: |  1  2  3  4  5  6 |
---------------+-------------------+-----
Spellcasting   | 3 4 |  4.9
Ice Magic      | 4 5 |  5.2
Unarmed Combat | 1 |  1.7
Dodging        | 2 |  2.1
Armour         | 1 |  1.1
Fighting       | |  0.3
Stealth        | |  2.5
Conjurations   | |  1.3

Action                   |  1- 3 |  4- 6 |  7- 9 || total
-------------------------+-------+-------+-------++-------
Melee: Unarmed           |    10 |   103 |    21 ||   134
       Bite              |     4 |    31 |     6 ||    41
 Cast: Freeze            |    40 |   133 |     6 ||   179
       Throw Frost       |     2 |    18 |     4 ||    24
       Ozocubu's Armour  |     1 |     2 |       ||     3
  Use: Potion            |     2 |       |       ||     2
       Scroll            |     1 |     2 |       ||     3
 Stab: Sleeping          |     1 |       |       ||     1
  Eat: Chunk             |     1 |    19 |       ||    20
Armor: Robe              |     5 |       |       ||     5
       Leather armour    |       |    64 |     6 ||    70
Dodge: Dodged            |    20 |   133 |    11 ||   164
